Map: Frozen Temple

Players

HATETHISGAME - Winner!

  • Race: Protoss Protoss
  • League: Diamond

oPZesty

  • Race: Zerg Zerg
  • League: Master

VOD

Have the link to the VOD?

Description

Time

  • Played on: April 27, 2016, 10:58 p.m.
  • Length: 7:16
Show
View Real Time Build Order
Export as new Build Order

HATETHISGAME Protoss - Winner!

Build Orders: 1 Gate Expand, Dark Templar Rush 

Get SALT Encoding   

  12  0:01  Probe (Chrono Boost)  
  13  0:12  Probe (Chrono Boost)  
  14  0:21  Pylon  
  14  0:22  Probe (Chrono Boost)  
  15  0:39  Probe (Chrono Boost), Gateway  
  16  0:45  Assimilator  
  16  0:50  Probe (Chrono Boost)  
  17  1:00  Probe (Chrono Boost)  
  19  1:11  Probe (Chrono Boost)  
  19  1:27  Nexus  
  19  1:30  Probe (Chrono Boost)  
  20  1:41  Cybernetics Core  
  20  1:46  Probe (Chrono Boost)  
  21  1:51  Assimilator  
  21  1:56  Probe (Chrono Boost)  
  21  2:01  Pylon  
  22  2:14  Probe (Chrono Boost)  
  23  2:18  Warp Gate (Chrono Boost)  
  23  2:19  Adept (Chrono Boost)  
  25  2:25  Mothership Core (Chrono Boost)  
  27  2:39  Probe (Chrono Boost)  
  27  2:40  Twilight Council  
  28  2:46  Probe (Chrono Boost)  
  28  2:50  Probe (Chrono Boost)  
  30  2:56  Probe (Chrono Boost)  
  31  3:01  Probe (Chrono Boost)  
  32  3:07  Probe (Chrono Boost)  
  32  3:11  Probe (Chrono Boost)  
  32  3:12  Pylon  
  34  3:18  Probe (Chrono Boost)  
  35  3:22  Probe (Chrono Boost)  
  35  3:25  Dark Shrine  
  36  3:28  Probe (Chrono Boost)  
  36  3:30  Adept  
  37  3:35  Gateway  
  37  3:37  Gateway  
  37  3:47  Gateway  
  37  3:51  Probe (Chrono Boost)  
  37  3:53  Gateway  
  39  3:55  Probe (Chrono Boost)  
  39  3:59  Assimilator  
  39  4:01  Probe (Chrono Boost), Assimilator  
  40  4:05  Probe (Chrono Boost)  
  41  4:11  Probe (Chrono Boost)  
  42  4:19  Probe (Chrono Boost)  
  43  4:35  Probe (Chrono Boost)  
  44  4:41  Dark Templar x2  
  44  4:42  Dark Templar  
  50  4:47  Dark Templar  
  50  4:51  Probe (Chrono Boost)  
  53  4:55  Pylon x2  
  53  4:59  Probe (Chrono Boost)  
  54  5:15  Dark Templar x3  
  60  5:39  Dark Templar  
  60  5:45  Gateway  
  60  5:46  Gateway  
  54  5:51  Dark Templar  
  54  5:52  Dark Templar  
  53  6:04  Probe  
  53  6:08  Dark Templar  
  49  6:15  Probe  
  46  6:28  Dark Templar  
  48  6:37  Dark Templar x2  
  52  6:42  Probe  
  52  6:46  Stalker  
  55  6:51  Probe  
  56  6:57  Dark Templar x2  
  56  7:00  Probe  
  61  7:09  Dark Templar  
Show
View Real Time Build Order
Export as new Build Order

oPZesty Zerg 

Build Orders: Hatch First 

Get SALT Encoding   

  12  0:01  Drone  
  13  0:15  Overlord  
  13  0:19  Drone  
  14  0:33  Drone x2  
  16  0:38  Drone  
  17  0:53  Hatchery  
  17  0:56  Drone  
  17  1:03  Drone  
  18  1:11  Extractor  
  17  1:18  Spawning Pool  
  16  1:27  Drone  
  17  1:39  Hatchery  
  16  1:42  Drone  
  16  1:45  Drone  
  18  1:50  Drone  
  19  1:57  Overlord  
  19  2:08  Queen  
  21  2:12  Drone  
  22  2:17  Metabolic Boost  
  22  2:21  Drone  
  23  2:24  Drone  
  23  2:27  Drone  
  25  2:32  Drone  
  25  2:34  Drone  
  27  2:42  Queen  
  29  2:46  Drone  
  29  2:48  Drone  
  31  2:56  Zergling x6  
  34  3:02  Queen  
  36  3:10  Drone x3  
  38  3:29  Spore Crawler  
  38  3:33  Drone x4  
  41  3:37  Pneumatized Carapace  
  41  3:44  Overlord x2  
  41  3:48  Baneling Nest  
  41  3:49  Evolution Chamber  
  41  3:53  Drone  
  41  3:54  Drone  
  40  4:06  Drone x4  
  40  4:08  Drone x8  
  52  4:14  Queen  
  54  4:24  Zerg Melee Weapons Level 1  
  54  4:26  Extractor  
  54  4:27  Zergling x6  
  56  4:31  Drone  
  56  4:33  Overlord x2  
  57  4:46  Extractor  
  56  4:58  Drone x4  
  56  4:59  Drone x10  
  70  5:03  Lair  
  70  5:08  Spore Crawler  
  70  5:09  Spore Crawler  
  70  5:10  Baneling  
  70  5:11  Baneling x3  
  70  5:13  Spore Crawler  
  67  5:15  Spore Crawler  
  67  5:16  Spore Crawler  
  65  5:25  Spine Crawler, Zergling x4  
  65  5:27  Zergling x4  
  65  5:28  Zergling x2  
  67  5:30  Overlord x2  
  62  5:35  Overlord  
  49  6:04  Queen, Drone  
  42  6:05  Drone x5  
  38  6:19  Drone  
  22  6:35  Zergling x2  
  21  6:44  Hatchery  
  20  6:57  Zergling x4  
Tags
 
Add a new tag
Caveats
  • Supply blocks, unpowered buildings, or Contaminate may cause inaccurate times.
  • Supply counts are checked every 10 seconds.